 Dungeon Crawl Stone Soup version 0.29.0-10-g45618ea6d2 (webtiles) character file.

Game seed: 4822830810854307916

862 SensoryNuts the Slasher (level 7, -6/54 HPs)
             Began as a Demonspawn Fighter on Sept 2, 2022.
             Mangled by an iguana (11 damage)
             ... on level 5 of the Dungeon.
             The game lasted 00:03:59 (5086 turns).

SensoryNuts the Slasher (Demonspawn Fighter)        Turns: 5086, Time: 00:04:00

Health: -6/54      AC: 15    Str: 16    XL:     7   Next: 72%
Magic:  7/7        EV:  4    Int:  9    God:
Gold:   136        SH:  5    Dex: 15    Spells: 6/6 levels left

rFire   . . .      SeeInvis .   a - +0 long sword
rCold   . . .      Faith    .   c - +0 buckler
rNeg    . . .      Spirit   .   o - +1 plate armour
rPois   .          Reflect  .   (no helmet)
rElec   .          Harm     .   (no cloak)
rCorr   .          Rampage  .   (no gloves)
Will    .....                   (no boots)
Stlth   ..........              (no amulet)
HPRegen 0.18/turn               (no ring)
MPRegen 0.10/turn               (no ring)

@: no status effects
A: hooves 2, molten scales 2, powered by death 1
a: no special abilities


You were on level 5 of the Dungeon.
You visited 1 branch of the dungeon, and saw 5 of its levels.

You collected 136 gold pieces.

Inventory:

Hand Weapons
 a - a +0 long sword (weapon)
Armour
 c - a +0 buckler (worn)
 o - a +1 plate armour (worn)
Jewellery
 b - a ring of protection from fire
 g - a ring of protection from fire
 m - a +6 ring of intelligence
Scrolls
 i - a scroll of blinking {unknown}
 j - a scroll of amnesia {unknown}
 k - a scroll of enchant armour
 q - a scroll of fear
Potions
 d - a potion of heal wounds
 e - a potion of mutation {unknown}
 f - 2 potions of flight {unknown}
 h - a potion of degeneration {unknown}
 l - 4 potions of curing {unknown}
 n - a potion of might
 p - a potion of attraction {unknown}


   Skills:
 + Level 4.0 Fighting
 * Level 6.4 Long Blades
 + Level 4.2 Armour
 + Level 1.0 Dodging
 + Level 0.2 Stealth
 + Level 3.6 Shields


You had 6 spell levels left.
You didn't know any spells.
Your spell library contained the following spells:

 Spells                   Type           Power      Damage    Failure   Level
 Olgreb's Toxic Radiance  Pois           0%         N/A       100%        4
 Ozocubu's Refrigeration  Ice            0%         4d7       100%        7
 Ignition                 Fire           0%         3d3       100%        8


Dungeon Overview and Level Annotations

Branches:
Dungeon (5/15)
 Temple: D:4-7

Altars:
Fedhas
Kikubaaqudgha
Qazlal
Ru
Sif Muna
Vehumet
Wu Jian
Xom

Shops:
D:3 [

Annotations:
D:4 3 runed translucent doors, gelatine's ghost, amateur MiHu


Innate Abilities, Weirdness & Mutations

You have hoof-like feet.
You are mostly covered in molten scales. (AC +3)
You regenerate a little health from kills.


Message History

The iguana is heavily wounded.
The iguana barely misses you. The iguana bites you.
You closely miss the iguana. You kick the iguana, but do no damage.
The iguana is heavily wounded.
You block the iguana's attack. The iguana bites you.
You hit the iguana. Your kick misses the iguana.
The iguana is severely wounded.
The iguana bites you but does no damage. x2
You slash the iguana!
You kill the iguana!
You block the iguana's attack.
You closely miss the iguana. Your kick misses the iguana.
The iguana bites you but does no damage.
The iguana completely misses you.
You barely miss the iguana. The iguana bites you.
You hit the iguana but do no damage.
The iguana bites you but does no damage.
You barely miss the iguana. You kick the iguana, but do no damage.
The iguana bites you but does no damage.
You hit the iguana but do no damage. Your kick misses the iguana.
The iguana bites you but does no damage.
You hit the iguana. Your kick misses the iguana.
The iguana is lightly wounded.
The iguana bites you but does no damage.
You slash the iguana!
The iguana is heavily wounded.
The iguana bites you but does no damage.
You barely miss the iguana. Your kick misses the iguana.
The iguana is heavily wounded.
The iguana bites you!
* * * LOW HITPOINT WARNING * * *
You hit the iguana but do no damage. You kick the iguana, but do no damage.
The iguana is heavily wounded.
The iguana barely misses you.
You hit the iguana.
The iguana is severely wounded.
The iguana bites you!
* * * LOW HITPOINT WARNING * * *
The iguana bites you!
You die...

...........####
........#......#
........#......#
...............###
..................
..................
..................
?.........@†......
....##.#..l......
# #.#.#.##....
#.#.#... ##.
#.#.####.. #.#.# #
#.#.# #.#.#
#########.#.#


You could see an iguana.

Vanquished Creatures
  2 ogres (D:5)
  A phantom (D:4)
  3 scorpions
  An orc priest (D:3)
  2 hounds
  5 iguanas
  2 orc wizards
  4 adders
  An ufetubus (D:4)
  A worm (D:2)
  3 dart slugs
  16 orcs
  9 ball pythons
  8 endoplasms
  3 giant cockroaches
  10 goblins
  3 hobgoblins
  2 jackals (D:2)
  6 quokkas
  11 bats
  4 frilled lizards
  7 kobolds
  6 rats
110 creatures vanquished.

Vanquished Creatures (others)
  A fungus (D:4)
  9 plants
10 creatures vanquished.

Grand Total: 120 creatures vanquished

Notes
Turn   | Place    | Note
-------+----------+-------------------------------------------
     0 | D:1      | SensoryNuts the Demonspawn Fighter began the quest for the
                  | Orb.
     0 | D:1      | Reached XP level 1. HP: 18/18 MP: 1/1
   261 | D:1      | Gained mutation: You are partially covered in molten
                  | scales. (AC +2) [demonic ancestry]
   261 | D:1      | Reached XP level 2. HP: 20/24 MP: 2/2
   262 | D:1      | Reached skill level 2 in Long Blades
   949 | D:2      | Gained mutation: You have large cloven feet. [demonic
                  | ancestry]
   949 | D:2      | Reached XP level 3. HP: 29/29 MP: 3/3
  1290 | D:2      | Reached skill level 3 in Long Blades
  2344 | D:3      | Gained mutation: You are mostly covered in molten scales.
                  | (AC +3) [demonic ancestry]
  2344 | D:3      | Reached XP level 4. HP: 35/35 MP: 4/4
  2406 | D:3      | Found Caol Lonnig's Antique Armour Shoppe.
  2826 | D:3      | Found a shimmering blue altar of Sif Muna.
  2915 | D:3      | Found an ornate altar of the Wu Jian Council.
  3194 | D:3      | Found an ancient bone altar of Kikubaaqudgha.
  3199 | D:3      | Found a radiant altar of Vehumet.
  3212 | D:3      | Found a shimmering altar of Xom.
  3215 | D:3      | Found a sacrificial altar of Ru.
  3384 | D:4      | Found a runed translucent gate.
  3384 | D:4      | Found a runed translucent gate.
  3385 | D:4      | Found a runed translucent gate.
  3389 | D:4      | Noticed gelatine's ghost (amateur MiHu)
  3409 | D:4      | Noticed a phantom
  3422 | D:4      | Killed a phantom
  3423 | D:4      | Reached skill level 4 in Long Blades
  3423 | D:4      | Gained mutation: You have hoof-like feet. [demonic
                  | ancestry]
  3423 | D:4      | Reached XP level 5. HP: 34/41 MP: 5/5
  3648 | D:4      | Gained mutation: You regenerate a little health from kills.
                  | [demonic ancestry]
  3648 | D:4      | Reached XP level 6. HP: 47/47 MP: 6/6
  3925 | D:4      | Reached skill level 5 in Long Blades
  3956 | D:4      | Found a blossoming altar of Fedhas.
  3958 | D:4      | Found a stormy altar of Qazlal.
  3991 | D:4      | Reached skill level 1 in Dodging
  4279 | D:5      | Entered Level 5 of the Dungeon
  4449 | D:5      | Reached XP level 7. HP: 51/53 MP: 7/7
  4499 | D:5      | Reached skill level 6 in Long Blades
  5086 | D:5      | Mangled by an iguana

Illustrated notes

Levels and vault maps discovered:
D:1:      dpeg_arrival_rooms_a, layout_loops_ring, serial_bayou,
          serial_bayou_pond_d, serial_bayou_ford_a, serial_bayou_shore_a,
          serial_bayou_pond_d
D:2:      layout_loops_corners, chequers_avenue, minmay_crystal_water,
          kennysheep_generic_room_2
D:3:      layout_loops_cross, mainiacjoe_overflow_paths, lemuel_blue_sif_altar,
          minmay_overflow_temple_star_hex, serial_shops, shop
D:4:      layout_loops_ring, grunt_temple_overflow_forces_of_nature,
          ebering_ghost_rock_garden
D:5:      layout_basic, minmay_misc_feat_chi

Skill      XL: |  1  2  3  4  5  6  7 |
---------------+----------------------+-----
Armour         | 3 4 |  4.2
Long Blades    | 2 3 4 5 6 |  6.4
Shields        | 3 |  3.6
Dodging        | 1 |  1.0
Fighting       | 4 |  4.0
Stealth        | |  0.2

Action                   |  1- 3 |  4- 6 |  7- 9 || total
-------------------------+-------+-------+-------++-------
Melee: Long sword        |   129 |   152 |    67 ||   348
       Kick              |    15 |    40 |    17 ||    72
  Use: Scroll            |     4 |     4 |       ||     8
       Potion            |       |     1 |     2 ||     3
Armor: Scale mail        |    74 |    35 |       ||   109
       Plate armour      |       |    47 |    41 ||    88
Dodge: Dodged            |    53 |    57 |     9 ||   119
Block: Buckler           |    36 |    42 |    12 ||    90
